 Dungeon Crawl Stone Soup version 0.20.0-10-g0535bb4 (webtiles) character file.

19561 Mesmaeker13 the Nimble (level 12, -6/68 HPs)
             Began as a Deep Elf Conjurer on June 6, 2017.
             Was a Priest of Vehumet.
             Mangled by a komodo dragon (30 damage)
             ... on level 4 of the Lair of Beasts.
             The game lasted 00:59:48 (19847 turns).

Mesmaeker13 the Nimble (Deep Elf Conjurer)         Turns: 19847, Time: 00:59:49

Health: -6/68      AC:  6    Str:  8    XL:     12   Next: 37%
Magic:  8/27       EV: 21    Int: 23    God:    Vehumet [***...]
Gold:   795        SH:  0    Dex: 15    Spells: 13/30 levels left

rFire    . . .     SeeInvis .   R - +2 dagger (venom)
rCold    + . .     Gourm    .   (no shield)
rNeg     . . .     Faith    .   e - +2 robe {rC+}
rPois    +         Spirit   .   b - +1 hat
rElec    .         Reflect  .   A - +0 cloak
rCorr    .         Harm     .   (no gloves)
MR       +....                  (no boots)
Stlth    ++........             B - amulet of regeneration
Regen    0.7/turn               (no ring)
MPRegen  0.2/turn               X - ring of poison resistance

@: no status effects
A: no striking features
a: Renounce Religion


You were on level 4 of the Lair of Beasts.
You worshipped Vehumet.
Vehumet was most pleased with you.
You were not hungry.

You visited 3 branches of the dungeon, and saw 16 of its levels.

You collected 1008 gold pieces.
You spent 213 gold pieces at shops.

Inventory:

Hand Weapons
 D - a +2 quarterstaff of speed
 R - a +2 dagger of venom (weapon)
Armour
 b - a +1 hat (worn)
 e - a +2 robe of cold resistance (worn)
 A - a +0 cloak (worn)
Jewellery
 t - an uncursed ring of protection from cold
 B - an amulet of regeneration (around neck)
 X - a ring of poison resistance (right hand)
Wands
 f - a wand of random effects (12/48)
 y - a wand of confusion (2/48)
 z - a wand of scattershot (0/9)
Scrolls
 h - 7 scrolls of teleportation
 j - a scroll of magic mapping
 k - 8 scrolls of remove curse
 l - 3 scrolls of blinking
 m - 2 scrolls of immolation
 n - a scroll of noise {unknown}
 q - a scroll of fear
 r - a scroll of enchant armour
 w - a scroll of fog {unknown}
 J - a scroll of enchant weapon
Potions
 d - 3 potions of flight
 g - a potion of heal wounds
 p - 3 potions of might
 s - 2 potions of curing
 u - 3 potions of resistance
 v - a potion of experience {unknown}
 x - a potion of degeneration {unknown}
 C - 2 potions of brilliance
 E - a potion of mutation {unknown}
 F - a potion of haste
 N - a potion of agility
 P - a potion of magic {unknown}
Books
 a - a book of Alchemy

   Spells                             Type                      Level
   a - Sublimation of Blood           Necromancy                   2
   b - Ignite Poison                  Fire/Transmutation/Poison    3
   c - Petrify                        Transmutation/Earth          4
   d - Alistair's Intoxication        Transmutation/Poison         5
   e - Irradiate                      Conjuration/Transmutation    5
Comestibles
 c - 9 bread rations
 i - 10 royal jellies
 o - 6 fruits
 G - 4 chunks of flesh
 M - 3 meat rations


   Skills:
 + Level 5.4 Fighting
 + Level 13.3 Dodging
 - Level 2.4 Stealth
 + Level 9.8 Spellcasting
 + Level 12.7 Conjurations
 - Level 9.1 Hexes
 - Level 6.0 Translocations


You had 13 spell levels left.
You knew the following spells:

 Your Spells              Type           Power        Failure   Level  Hunger
a - Magic Dart            Conj           ####         1%          1    None
b - Searing Ray           Conj           ######       1%          2    None
c - Dazzling Spray        Conj/Hex       ######       1%          3    None
d - Fulminant Prism       Conj/Hex       ######....   1%          4    ##.....
e - Force Lance           Conj/Tloc      ######..     1%          4    ##.....
f - Confuse               Hex            ######..     1%          3    None


Dungeon Overview and Level Annotations

Branches:
Dungeon (10/15)            Temple (1/1) D:7            Lair (5/6) D:10
 Shoals (0/4) Lair:3        Snake (0/4) Lair:3          Orc (0/2) D:10
  Slime: Lair:5-6

Altars:
Ashenzari
Cheibriados
Dithmenos
Elyvilon
Fedhas
Gozag
Hepliaklqana
Kikubaaqudgha
Makhleb
Nemelex Xobeh
Okawaru
Qazlal
Ru
Sif Muna
Trog
Uskayaw
Vehumet
Xom
Yredelemnul
Zin
The Shining One

Shops:
D:4 (   D:5 *?[   D:8 *

Annotations:
Lair:3 exclusion: 4 oklob plants
Lair:4 Rupert


Message History

The elephant is almost dead.
You kill the elephant!
Vehumet accepts your kill.
The searing ray hits the komodo dragon.
The komodo dragon is moderately wounded.
You finish channeling your searing ray.
Casting: Searing Ray
Confirm with . or Enter, or press ? or * to list all spells.
Aiming: Confuse
Press: ? - help, Shift-Dir - straight line, f - komodo dragon
Aim: a komodo dragon (moderately wounded, chance to defeat MR: 56%)
The komodo dragon appears confused.
You hit the komodo dragon but do no damage.
The komodo dragon is moderately wounded.
The komodo dragon bites itself!!
You hit the komodo dragon but do no damage.
The komodo dragon is poisoned.
The komodo dragon is almost dead.
The komodo dragon bites you!!
You die...

### ######.# ###..#.#.##
#.........#
#...##.#P.### ###
##.##..##..#.######.#
#..###.##.......@l..#
.......##....#..###.###
.........#....###...#.#
.###...#....###
##...##### .# #..###...#
###..###P.# .#
#P..###..# #.........#
.####.## #..P
#.#.......######## .P
#.#
#..####..........##P#..P
.# #.#
#....##....##.#.........


You could see a komodo dragon (confused).

Vanquished Creatures
  Fannar (D:10)
  Pikel (D:3)
  8 elephants
  Maurice (D:8)
  Joseph (Lair:1)
  2 black mambas
  6 spiny frogs
  A rime drake (Lair:2)
  3 komodo dragons
  A meliai zombie (D:9)
  3 hippogriffs
  27 yaks
  2 wyverns
  2 basilisks
  A hungry ghost (D:8)
  Edmund (D:5)
  Menkaure (D:4)
  3 nagas (Lair:3)
  3 wargs (D:10)
  3 water moccasins
  4 porcupines
  2 phantoms
  5 orc warriors
  5 sky beasts
  An ice beast (D:8)
  2 black bears
  An eye of draining (D:9)
  3 centaurs
  5 ogres
  A wolf (Lair:3)
  6 crocodiles
  12 bullfrogs
  2 wyvern skeletons
  A scorpion (D:4)
  4 howler monkeys
  4 crimson imps
  3 hounds
  A quasit (D:7)
  A bullfrog zombie (D:9)
  2 bullfrog skeletons
  13 orc wizards
  10 orc priests
  A centaur skeleton (D:4)
  2 iguanas
  5 worker ants
  A killer bee zombie (D:5)
  2 hound zombies
  A hound skeleton (D:7)
  5 adders
  2 shadow imps
  An adder zombie (D:6)
  2 oozes
  An adder skeleton (D:8)
  2 worms
  A dart slug (D:1)
  6 leopard geckos
  51 orcs
  6 giant cockroaches
  10 goblins
  13 hobgoblins
  18 jackals
  2 quokkas
  3 ball pythons
  11 bats
  6 frilled lizards
  2 giant cockroach zombies
  2 gnoll zombies (D:5)
  A jackal skeleton (D:7)
  4 kobolds
  A leopard gecko skeleton (D:3)
  4 rats
  A fungus (Lair:3)
  3 plants (Lair:3)
329 creatures vanquished.

Vanquished Creatures (others)
  An adder (D:4)
  A frilled lizard (D:4)
  47 fulminant prisms
  2 fungi (Lair:3)
  5 plants
56 creatures vanquished.

Grand Total: 385 creatures vanquished

Notes
Turn   | Place    | Note
-------+----------+-------------------------------------------
     0 | D:1      | Mesmaeker13 the Deep Elf Conjurer began the quest for the Orb.
     0 | D:1      | Reached XP level 1. HP: 10/10 MP: 6/6
   143 | D:1      | Reached XP level 2. HP: 6/15 MP: 0/8
   365 | D:1      | Learned a level 2 spell: Searing Ray
   418 | D:1      | Reached skill level 3 in Dodging
  1168 | D:2      | Reached XP level 3. HP: 13/19 MP: 1/9
  1277 | D:2      | Found an iron altar of Okawaru.
  1330 | D:2      | Reached skill level 5 in Conjurations
  2239 | D:2      | Reached XP level 4. HP: 24/24 MP: 7/10
  2244 | D:2      | Learned a level 3 spell: Dazzling Spray
  2439 | D:3      | Reached skill level 4 in Dodging
  3168 | D:3      | Found a shattered altar of Ashenzari.
  3513 | D:4      | Noticed Menkaure
  3626 | D:4      | Reached skill level 1 in Hexes
  3626 | D:4      | Reached XP level 5. HP: 28/28 MP: 11/11
  3802 | D:4      | Killed Menkaure
  3802 | D:4      | Reached skill level 5 in Dodging
  3802 | D:4      | Reached XP level 6. HP: 25/32 MP: 1/12
  4134 | D:4      | Reached XP level 7. HP: 36/36 MP: 4/13
  4140 | D:4      | Learned a level 4 spell: Fulminant Prism
  4217 | D:4      | Noticed Pikel
  4512 | D:3      | Killed Pikel
  4512 | D:3      | Reached skill level 7 in Dodging
  4512 | D:3      | Reached skill level 5 in Hexes
  4692 | D:4      | Reached XP level 8. HP: 39/41 MP: 14/14
  4833 | D:4      | Found Poin's Antique Weapon Emporium.
  4930 | D:5      | Entered Level 5 of the Dungeon
  5095 | D:5      | Found Covvotiu's Magic Scroll Emporium.
  5104 | D:5      | Bought a scroll of identify for 28 gold pieces
  5104 | D:5      | Bought a scroll of identify for 28 gold pieces
  5104 | D:5      | Bought a scroll of identify for 28 gold pieces
  5346 | D:5      | Found Mewokh's Armour Shoppe.
  5419 | D:5      | Found a basalt altar of Yredelemnul.
  5685 | D:5      | Found Qaihi's General Store.
  5721 | D:5      | Noticed Edmund
  5761 | D:5      | Killed Edmund
  5782 | D:5      | Reached skill level 8 in Dodging
  5897 | D:5      | Bought a scroll of enchant armour for 97 gold pieces
  6885 | D:6      | Reached XP level 9. HP: 25/45 MP: 5/15
  7312 | D:6      | Reached skill level 9 in Dodging
  7878 | D:7      | Found a staircase to the Ecumenical Temple.
  7892 | Temple   | Entered the Ecumenical Temple
  8007 | Temple   | Became a worshipper of Vehumet
  9209 | D:7      | Found a burning altar of Makhleb.
  9405 | D:8      | Found a hazy altar of Hepliaklqana.
  9434 | D:8      | Reached skill level 10 in Dodging
  9442 | D:8      | Reached * piety under Vehumet
  9442 | D:8      | Offered knowledge of Sandblast by Vehumet.
  9631 | D:8      | Reached skill level 5 in Spellcasting
  9767 | D:8      | Found Irghuaq's General Store.
  9772 | D:8      | Bought a scroll of identify for 32 gold pieces
  9779 | D:8      | Learned a level 4 spell: Force Lance
  9799 | D:8      | Reached skill level 10 in Conjurations
 10029 | D:8      | Reached skill level 1 in Translocations
 10132 | D:8      | Noticed Maurice
 10143 | D:8      | Killed Maurice
 10143 | D:8      | Reached XP level 10. HP: 50/50 MP: 10/20
 10768 | D:8      | Found a bloodstained altar of Trog.
 10780 | D:8      | Found a shadowy altar of Dithmenos.
 11494 | D:9      | Found a deep blue altar of Sif Muna.
 12229 | D:10     | Entered Level 10 of the Dungeon
 12233 | D:10     | Found a staircase to the Orcish Mines.
 12315 | D:10     | Reached skill level 11 in Dodging
 12633 | D:9      | Reached ** piety under Vehumet
 12633 | D:9      | Reached skill level 1 in Fighting
 12883 | D:10     | Offered knowledge of Freeze by Vehumet.
 13120 | D:10     | Found a staircase to the Lair.
 13146 | Lair:1   | Entered Level 1 of the Lair of Beasts
 13204 | Lair:1   | Noticed Fannar
 13232 | Lair:1   | Noticed Joseph
 13383 | D:10     | Reached skill level 5 in Translocations
 13387 | D:10     | Reached XP level 11. HP: 26/58 MP: 12/23
 13575 | D:10     | Offered knowledge of Inner Flame by Vehumet.
 14106 | D:10     | HP: 2/59 [yak (14)]
 14497 | Lair:1   | Killed Joseph
 14503 | D:10     | Killed Fannar
 14737 | Lair:1   | Reached *** piety under Vehumet
 15442 | Lair:1   | Reached skill level 12 in Dodging
 15539 | Lair:1   | Learned a level 5 spell: Yara's Violent Unravelling
 15561 | Lair:1   | Learned a level 3 spell: Confuse
 16577 | Lair:2   | Found an ancient bone altar of Kikubaaqudgha.
 17395 | Lair:3   | Noticed an oklob plant
 17395 | Lair:3   | Noticed an oklob plant
 17395 | Lair:3   | Noticed an oklob plant
 17614 | Lair:3   | Found a staircase to the Shoals.
 17731 | Lair:3   | Offered knowledge of Static Discharge by Vehumet.
 18010 | Lair:3   | Reached XP level 12. HP: 67/67 MP: 13/26
 18196 | Lair:3   | Reached skill level 13 in Dodging
 18457 | Lair:3   | Found a staircase to the Snake Pit.
 18468 | Lair:3   | Found an iron altar of Okawaru.
 19075 | Lair:4   | Reached skill level 5 in Fighting
 19286 | Lair:4   | Noticed Rupert
 19377 | Lair:5   | Noticed a six-headed hydra
 19847 | Lair:4   | Mangled by a komodo dragon

Skill      XL: |  1  2  3  4  5  6  7  8  9 10 11 12 |
---------------+-------------------------------------+-----
Dodging        | 3 4 5 7 8 10 11 12 13 | 13.3
Conjurations   | 5 6 7 8 10 11 12 | 12.7
Hexes          | 1 2 4 5 8 9 |  9.1
Spellcasting   | 5 7 8 9 |  9.8
Translocations | 1 5 6 |  6.0
Fighting       | 2 4 5 |  5.4
Stealth        | |  2.4

Action                   |  1- 3 |  4- 6 |  7- 9 | 10-12 || total
-------------------------+-------+-------+-------+-------++-------
Melee: Dagger            |    39 |       |    49 |   192 ||   280
       Whip              |       |    17 |    69 |       ||    86
 Cast: Magic Dart        |    80 |    51 |    97 |   111 ||   339
       Searing Ray       |     4 |    10 |    65 |    96 ||   175
       Dazzling Spray    |       |     3 |    20 |    38 ||    61
       Fulminant Prism   |       |       |     4 |    43 ||    47
       Force Lance       |       |       |       |    15 ||    15
       Confuse           |       |       |       |    32 ||    32
Evoke: Wand              |       |    11 |    12 |    24 ||    47
  Use: Scroll            |       |     3 |    12 |    13 ||    28
       Potion            |       |       |     2 |     5 ||     7
 Stab: Confused          |       |     1 |     1 |     6 ||     8
       Sleeping          |       |       |     1 |     1 ||     2
       Invisible         |       |       |     1 |     2 ||     3
  Eat: Chunk             |     4 |     6 |    13 |    21 ||    44
       Fruit             |       |       |     2 |     2 ||     4
       Meat ration       |       |       |     1 |     1 ||     2
       Bread ration      |       |       |     1 |     1 ||     2
       Royal jelly       |       |       |       |     1 ||     1
Armor: Robe              |    13 |     3 |    14 |    40 ||    70
       Skin              |       |       |       |    19 ||    19
Dodge: Dodged            |    48 |    17 |   172 |   431 ||   668
